 Dungeon Crawl Stone Soup version 0.26-a0-831-g7192265339 (webtiles) character file.

Game seed: 18339503976357096094

95 kreisler the Vexing (level 4, 0/34 HPs)
             Began as a Gnoll Arcane Marksman on Nov 15, 2020.
             Succumbed to an adder's poison
             ... on level 2 of the Dungeon.
             The game lasted 00:12:50 (1461 turns).

kreisler the Vexing (Gnoll Arcane Marksman)         Turns: 1461, Time: 00:12:51

Health: 0/34       AC:  5    Str: 12    XL:     4   Next: 65%
Magic:  8/8        EV: 13    Int: 15    God:
Gold:   63         SH:  0    Dex: 17    Spells: 8/9 levels left

rFire    . . .     SeeInvis .   o - +0 short sword
rCold    . . .     Faith    .   (no shield)
rNeg     + . .     Spirit   .   i - +0 ring mail
rPois    .         Reflect  .   (no helmet)
rElec    .         Harm     .   (no cloak)
rCorr    +         Rampage  .   (no gloves)
MR       .....                  (no boots)
Stlth    +.........             (no amulet)
HPRegen  0.11/turn              b - ring of resist corrosion
MPRegen  0.11/turn              h - ring of positive energy

@: lethally poisoned (0 -> -10)
A: distributed training, fangs 1, strong nose
a: no special abilities


You were on level 2 of the Dungeon.
You visited 1 branch of the dungeon, and saw 2 of its levels.

You collected 63 gold pieces.

Inventory:

Hand Weapons
 a - a +0 shortbow
 o - a +0 short sword (weapon)
Missiles
 d - 20 arrows
Armour
 e - a +0 robe
 i - a +0 ring mail (worn)
 k - a +0 ring mail
 l - a +0 robe
 m - a +0 scale mail
Jewellery
 b - a ring of resist corrosion (left hand)
 h - a ring of positive energy (right hand)
 p - a +4 ring of evasion {unknown}
Scrolls
 f - a scroll of immolation {unknown}
 g - 2 scrolls of fear
 j - a scroll of enchant weapon {unknown}
 q - a scroll of amnesia {unknown}
Potions
 c - a potion of flight {unknown}
 n - a potion of haste {unknown}


   Skills:
 + Level 2.8 Fighting
 + Level 1.2 Short Blades
 + Level 1.2 Long Blades
 + Level 1.2 Axes
 + Level 1.2 Maces & Flails
 + Level 1.2 Polearms
 + Level 1.2 Staves
 + Level 1.2 Slings
 + Level 4.6 Bows
 + Level 1.2 Crossbows
 + Level 1.2 Throwing
 + Level 1.2 Armour
 + Level 4.6 Dodging
 + Level 1.2 Stealth
 + Level 1.2 Shields
 + Level 1.2 Unarmed Combat
 + Level 3.0 Spellcasting
 + Level 1.0 Conjurations
 + Level 5.5 Hexes
 + Level 1.0 Summonings
 + Level 1.0 Necromancy
 + Level 1.0 Translocations
 + Level 1.0 Transmutations
 + Level 1.0 Fire Magic
 + Level 1.0 Ice Magic
 + Level 1.0 Air Magic
 + Level 1.0 Earth Magic
 + Level 1.0 Poison Magic
 + Level 1.3 Invocations
 + Level 1.2 Evocations


You had 8 spell levels left.
You knew the following spells:

 Your Spells              Type           Power        Failure   Level
a - Corona                Hex            ###....      4%          1

Your spell library contained the following spells:

 Spells                   Type           Power        Failure   Level
 Slow                     Hex            ###.....     7%          2
 Inner Flame              Hex/Fire       ##......     34%         3
 Portal Projectile        Hex/Tloc       ##....       34%         3
 Cause Fear               Hex            ###.......   43%         4
 Leda's Liquefaction      Hex/Erth       ##........   75%         4


Dungeon Overview and Level Annotations

Branches:
Dungeon (2/15)

Altars:


Innate Abilities, Weirdness & Mutations

Your experience applies equally to all skills.
You have very sharp teeth.
Your uncanny sense of smell can sniff out nearby items.


Message History

* * * LOW HITPOINT WARNING * * *
You feel sick. The adder closely misses you. The adder barely misses you.
You closely miss the adder.
The adder is severely wounded.
The adder bites you.
* * * LOW HITPOINT WARNING * * *
You miss the adder. Your bite misses the adder.
The adder is severely wounded.
* * * LOW HITPOINT WARNING * * *
You feel sick. The adder bites you.
* * * LOW HITPOINT WARNING * * *
You are more poisoned.
The adder poisons you! The adder barely misses you.
You barely miss the adder.
The adder is heavily wounded.
* * * LOW HITPOINT WARNING * * *
You feel sick. The adder bites you.
* * * LOW HITPOINT WARNING * * *
It was a potion of magic.
Magic courses through your body.
You die...

## #.# #.##
###.####
#(..@†.#
####.#.#S##.#
(.....(.###.#
######(## #.#
## #.# #.###
#...# #######
###.# #.....#
#.#


You could see an adder.

Vanquished Creatures
  Terence (D:2)
  4 adders (D:2)
  A worm (D:2)
  A dart slug (D:1)
  A leopard gecko (D:1)
  3 bats
  3 giant cockroaches
  4 goblins
  5 hobgoblins
  A kobold (D:2)
  A quokka (D:2)
  4 rats
29 creatures vanquished.

Vanquished Creatures (others)
  A plant (D:1)
1 creature vanquished.

Grand Total: 30 creatures vanquished

Notes
Turn   | Place    | Note
-------+----------+-------------------------------------------
     0 | D:1      | kreisler the Gnoll Arcane Marksman began the quest for the
                  | Orb.
     0 | D:1      | Reached XP level 1. HP: 17/17 MP: 4/4
   265 | D:1      | Reached XP level 2. HP: 23/23 MP: 5/5
   677 | D:1      | Upgraded the game from 0.26-a0-818-g75db068ed4 to
                  | 0.26-a0-831-g7192265339
   760 | D:2      | Noticed Terence
   771 | D:2      | Killed Terence
   772 | D:2      | Reached skill level 1 in Invocations
   772 | D:2      | Reached XP level 3. HP: 9/28 MP: 7/7
   803 | D:2      | Reached skill level 1 in Short Blades
   803 | D:2      | Reached skill level 1 in Long Blades
   803 | D:2      | Reached skill level 1 in Axes
   803 | D:2      | Reached skill level 1 in Maces & Flails
   803 | D:2      | Reached skill level 1 in Polearms
   803 | D:2      | Reached skill level 1 in Staves
   803 | D:2      | Reached skill level 1 in Slings
   803 | D:2      | Reached skill level 1 in Crossbows
   803 | D:2      | Reached skill level 1 in Throwing
   803 | D:2      | Reached skill level 1 in Armour
   803 | D:2      | Reached skill level 1 in Stealth
   803 | D:2      | Reached skill level 1 in Shields
   803 | D:2      | Reached skill level 1 in Unarmed Combat
   803 | D:2      | Reached skill level 1 in Evocations
   882 | D:2      | Reached XP level 4. HP: 23/34 MP: 8/8
  1440 | D:2      | Reached skill level 1 in Conjurations
  1440 | D:2      | Reached skill level 1 in Summonings
  1440 | D:2      | Reached skill level 1 in Necromancy
  1440 | D:2      | Reached skill level 1 in Translocations
  1440 | D:2      | Reached skill level 1 in Transmutations
  1440 | D:2      | Reached skill level 1 in Fire Magic
  1440 | D:2      | Reached skill level 1 in Ice Magic
  1440 | D:2      | Reached skill level 1 in Air Magic
  1440 | D:2      | Reached skill level 1 in Earth Magic
  1440 | D:2      | Reached skill level 1 in Poison Magic
  1460 | D:2      | HP: 1/34 [adder (2)]
  1461 | D:2      | Succumbed to an adder's poison

Illustrated notes

Levels and vault maps discovered:
D:1:      minmay_arrival_four_houses, layout_loops_cross, serial_bayou_lagoon_a
D:2:      layout_loops_cross, uniq_terence

Skill      XL: |  1  2  3  4 |
---------------+-------------+-----
Invocations    | 1 |  1.3
Short Blades   | 1 |  1.2
Long Blades    | 1 |  1.2
Axes           | 1 |  1.2
Maces & Flails | 1 |  1.2
Polearms       | 1 |  1.2
Staves         | 1 |  1.2
Slings         | 1 |  1.2
Crossbows      | 1 |  1.2
Throwing       | 1 |  1.2
Armour         | 1 |  1.2
Stealth        | 1 |  1.2
Shields        | 1 |  1.2
Unarmed Combat | 1 |  1.2
Evocations     | 1 |  1.2
Spellcasting   | 3 |  3.0
Conjurations   | 1 |  1.0
Summonings     | 1 |  1.0
Necromancy     | 1 |  1.0
Translocations | 1 |  1.0
Transmutations | 1 |  1.0
Fire Magic     | 1 |  1.0
Ice Magic      | 1 |  1.0
Air Magic      | 1 |  1.0
Earth Magic    | 1 |  1.0
Poison Magic   | 1 |  1.0
Fighting       | |  2.8
Bows           | |  4.6
Dodging        | |  4.6
Hexes          | |  5.5

Action                   |  1- 3 |  4- 6 || total
-------------------------+-------+-------++-------
Melee: Shortbow          |     3 |       ||     3
       Bite              |     1 |       ||     1
       Short sword       |       |     7 ||     7
 Fire: Shortbow          |    60 |    40 ||   100
  Use: Scroll            |     1 |       ||     1
       Potion            |       |     1 ||     1
Armor: Robe              |     6 |       ||     6
       Ring mail         |     2 |     7 ||     9
Dodge: Dodged            |    19 |    14 ||    33

Table legend: (Time is in decaauts)
 A = Elapsed time spent in this place.
 B = Non-inter-level travel time spent in this place.
 C = Inter-level travel time spent in this place.
 D = Time resting spent in this place.
 E = Time spent auto-exploring this place.
 F = Levels seen in this place.
 G = Mean time per level.
                   A        B        C        D        E       F      G
               +--------+--------+--------+--------+--------+-----+--------+
         Total |   1492 |   1492 |      0 |      0 |    637 |   2 |  746.0 |
       Dungeon |   1492 |   1492 |      0 |      0 |    637 |   2 |  746.0 |
               +--------+--------+--------+--------+--------+-----+--------+

Top non-repeatable levels by time:
     D:1: 777 daAuts
     D:2: 715 daAuts
